 Dungeon Crawl Stone Soup version 0.27-a0-1184-ge86db4a01e (webtiles) character file.

Game seed: 4409207881744890661

2377 Gorglomux the Fighter (level 9, 0/74 (83) HPs)
             Began as a Palentonga Fighter on May 18, 2021.
             Was an Elder of Uskayaw.
             Slain by a wight
             ... wielding a +0 halberd
              (3 damage)
             ... on level 7 of the Dungeon.
             The game lasted 00:17:53 (8957 turns).

Gorglomux the Fighter (Palentonga Fighter)          Turns: 8957, Time: 00:17:54

HP:   0/74 (83)     AC: 18    Str: 21    XL:     9   Next: 21%
MP:   0/9           EV:  1    Int: 14    God:    Uskayaw [****..]
Gold: 42            SH:  9    Dex: 14    Spells: 8/8 levels left

rFire    . . .     SeeInvis +   a - +0 long sword
rCold    . . .     Faith    .   c - +0 kite shield
rNeg     . . .     Spirit   +   g - +0 plate armour
rPois    .         Reflect  .   t - +1 helmet
rElec    .         Harm     .   d - scarf {+Inv}
rCorr    .         Rampage  .   (no gloves)
Will     .....                  (no barding)
Stlth    ..........             i - amulet of guardian spirit
HPRegen  0.22/turn              h - +6 ring of intelligence
MPRegen  0.11/turn              (no ring)

@: studying Fighting, heavily drained, curled up
A: large, rugged brown scales 3, see invisible, deformed body, roll 1, armoured
tail, reflexive curl, stinger 1, thin skeletal structure 1
a: Rolling Charge, Renounce Religion, Evoke Invisibility, Stomp, Line Pass


You were on level 7 of the Dungeon.
You worshipped Uskayaw.
Uskayaw was noncommittal.
You visited 2 branches of the dungeon, and saw 8 of its levels.

You collected 381 gold pieces.
You spent 339 gold pieces at shops.

Inventory:

Hand Weapons
 a - a +0 long sword (weapon)
Missiles
 f - 10 poisoned darts
 Z - a throwing net
Armour
 b - a +0 scale mail
 c - a +0 kite shield (worn)
 d - a scarf of invisibility (worn)
 g - a +0 plate armour (worn)
 t - a +1 helmet (worn)
Jewellery
 h - a +6 ring of intelligence (left hand)
 i - an amulet of guardian spirit (around neck)
 s - a ring of see invisible
Scrolls
 j - a scroll of vulnerability
 l - 3 scrolls of immolation {unknown}
 m - a scroll of summoning {unknown}
 n - 5 scrolls of teleportation {unknown}
 o - 2 scrolls of amnesia {unknown}
 p - a scroll of fear {unknown}
 q - 4 scrolls of enchant weapon {unknown}
 r - a scroll of blinking {unknown}
 v - a scroll of fog {unknown}
 R - 6 scrolls of identify
Potions
 e - a potion of cancellation
 u - a potion of might


   Skills:
 + Level 9.7 Fighting
 - Level 7.2(8.0) Short Blades
 + Level 5.1(6.9) Long Blades
 - Level 2.4 Armour
 - Level 2.4 Shields


You had 8 spell levels left.
You didn't know any spells.
Your spell library contained the following spells:

 Spells                   Type           Power      Damage    Failure   Level
 Beastly Appendage        Tmut           0%         N/A       100%        1
 Foxfire                  Conj/Fire      0%         2x1d4     100%        1
 Shock                    Conj/Air       0%         1d3       100%        1
 Static Discharge         Conj/Air       0%         N/A       100%        2
 Wereblood                Tmut           0%         N/A       100%        2
 Conjure Flame            Conj/Fire      0%         6-21      100%        3
 Inner Flame              Hex/Fire       0%         N/A       100%        3
 Spider Form              Tmut/Pois      0%         N/A       100%        3
 Swiftness                Air            0%         N/A       100%        3
 Airstrike                Air            0%         N/A       100%        4
 Ice Form                 Ice/Tmut       0%         N/A       100%        4
 Sticky Flame             Conj/Fire      0%         2d3       100%        4
 Fireball                 Conj/Fire      0%         3d3       100%        5
 Hydra Form               Tmut           0%         N/A       100%        5
 Lightning Bolt           Conj/Air       0%         1d11      100%        5


Dungeon Overview and Level Annotations

Branches:
Dungeon (7/15)             Temple (1/1) D:4

Altars:
Ashenzari
Cheibriados
Dithmenos
Elyvilon
Fedhas
Gozag
Hepliaklqana
Kikubaaqudgha
Makhleb
Nemelex Xobeh
Okawaru
Qazlal
Ru
Sif Muna
Trog
Uskayaw
Vehumet
Wu Jian
Xom
Yredelemnul
Zin
The Shining One

Shops:
D:3 *   D:4 *   D:6 [*(*

Portals:
Abyss: D:7

Annotations:
D:5 1 runed translucent door, Crazy Yiuf
D:6 exclusion: downstairs
D:7 1 transporter, Maggie; emiel's ghost, novice SpEE


Innate Abilities, Weirdness & Mutations

You are completely covered in rugged brown scales. (AC +3, +7% HP)
You have supernaturally acute eyesight. (SInv)
Armour fits poorly on your strangely shaped body.
You can roll at nearby foes to attack.
You have a long armoured tail.
You curl defensively after being hit.
Your tail ends in a poisonous barb.
You have a somewhat thin skeletal structure. (Dex +2, Stealth+)


Message History

The wight is lightly damaged.
The wight is no longer paralysed. x3
The wight hits you with a +2 mace of protection.
You block the wight's attack.
Uskayaw will force your foes to share their pain.
Uskayaw links your audience in an emotional bond!
You closely miss the wight.
The wight is moderately damaged.
The wight hits you but does no damage.
The wight hits you from afar with a +0 halberd!
You feel drained.
You hit the wight.
The wight is heavily damaged.
The wight is no longer sharing its pain. x3
The wight hits you but does no damage.
The wight hits you from afar with a +0 halberd!
The wight hits you but does no damage.
You slash the wight!
You destroy the wight!
You block the wight's attack. x2; The wight hits you but does no damage.
Aiming: Line Pass
Press: ? - help, Dir - move target, p - wight The wight appears confused. x2; The wight hits you with a +0 halberd.
* * * LOW HITPOINT WARNING * * *
You feel drained.
* * * LOW HITPOINT WARNING * * *
You hit the wight but do no damage.
The wight is lightly damaged.
The wight seems less confused. x2; The wight hits you but does no damage.
You aren't carrying any items that you can evoke.
Okay, then.
You hit the wight.
The wight is heavily damaged.
The wight hits you with a +0 halberd.
* * * LOW HITPOINT WARNING * * *
You feel drained.
Uskayaw will force your foes to share their pain.
You closely miss the wight.
Your tail-slap misses the wight.
The wight is heavily damaged.
You block the wight's attack.
You barely miss the wight.
Your tail-slap misses the wight.
The wight is heavily damaged.
The wight hits you with a +0 halberd!
* * * LOW HITPOINT WARNING * * *
You feel drained.
* * * LOW HITPOINT WARNING * * *
The wight hits you but does no damage. The wight hits you with a +0 halberd!
* * * LOW HITPOINT WARNING * * *
You feel drained.
You die...

......##.∩#.##....##....#
......#Wx###...##[#©...##
......##x.# ###...###..#
....[..# ..##.### ..##.#
.......# ..# ...##...♣.#
#'###.♣♣ #.# ...♣#..#.#
...##.# #..##..##.#♣.#
<..##.# #.©#..#..#..#
...##.. ##.@##x#.##
...###. ##..zz###.# ####
#. ..##.....)...# .
........######
.[........# ........#
...)....# ........#
###.....#


You could see 2 wights.

Vanquished Creatures
  Prince Ribbit (D:7)
  Grinder (D:5)
  Menkaure (D:7)
  Duvessa (D:5)
  A water moccasin (D:5)
  A sky beast (D:6)
  A black bear (D:3)
  An ice beast (D:4)
  An orc warrior (D:6)
  2 ogres
  2 necrophages (D:6)
  A centaur (D:5)
  A phantom (D:4)
  Dowan (D:5)
  2 scorpions
  2 wights (D:7)
  A centaur zombie (D:5)
  A bullfrog skeleton (D:5)
  2 centaur skeletons
  2 orc priests (D:6)
  3 hounds
  2 iguanas (D:5)
  7 gnolls
  6 adders
  2 shadow imps
  2 worms
  An adder skeleton (D:4)
  3 dart slugs
  7 orcs
  8 ball pythons
  7 bats
  8 endoplasms
  2 giant cockroaches
  7 goblins
  6 hobgoblins
  2 jackals (D:3)
  3 quokkas (D:2)
  5 frilled lizards
  4 kobolds
  7 rats
118 creatures vanquished.

Notes
Turn   | Place    | Note
-------+----------+-------------------------------------------
     0 | D:1      | Gorglomux the Palentonga Fighter began the quest for the
                  | Orb.
     0 | D:1      | Reached XP level 1. HP: 19/19 MP: 1/1
    77 | D:1      | Reached skill level 1 in Short Blades
   107 | D:1      | Reached XP level 2. HP: 25/25 MP: 2/2
   113 | D:1      | Found a faded altar of an unknown god.
  1139 | D:2      | Reached XP level 3. HP: 31/31 MP: 3/3
  1956 | D:3      | Reached skill level 4 in Fighting
  1956 | D:3      | Reached XP level 4. HP: 32/39 MP: 4/4
  2008 | D:3      | Noticed a black bear
  2044 | D:3      | Killed a black bear
  2045 | D:3      | Reached skill level 3 in Short Blades
  2045 | D:3      | Reached XP level 5. HP: 46/46 MP: 5/5
  2076 | D:3      | Found a broken altar of Ashenzari.
  2225 | D:3      | Found Gufargho's General Store.
  3023 | D:4      | Reached skill level 5 in Fighting
  3185 | D:4      | Reached XP level 6. HP: 52/54 MP: 6/6
  3527 | D:4      | Found a staircase to the Ecumenical Temple.
  3540 | Temple   | Entered the Ecumenical Temple
  3890 | Temple   | Became a worshipper of Uskayaw the Reveller
  3908 | D:4      | Found Nuakutepn's Lightly-Used Armoury.
  4031 | D:4      | Reached * piety under Uskayaw
  4034 | D:4      | Reached ** piety under Uskayaw
  4035 | D:4      | Reached skill level 6 in Fighting
  4035 | D:4      | Gained mutation: You curl defensively after being hit.
                  | [Palentonga growth]
  4035 | D:4      | Reached XP level 7. HP: 46/62 MP: 7/7
  4227 | D:5      | Entered Level 5 of the Dungeon
  4299 | D:5      | Noticed Grinder
  4305 | D:5      | Reached *** piety under Uskayaw
  4313 | D:5      | Reached **** piety under Uskayaw
  4315 | D:5      | Paralysed by Grinder for 2 turns
  4320 | D:5      | Reached ***** piety under Uskayaw
  4324 | D:5      | Killed Grinder
  4338 | D:5      | Reached skill level 6 in Short Blades
  4338 | D:5      | Reached ****** piety under Uskayaw
  4349 | D:5      | Reached skill level 7 in Fighting
  4751 | D:5      | Noticed Duvessa
  4787 | D:5      | Noticed Dowan
  4795 | D:5      | Gained mutation: You have a somewhat thin skeletal
                  | structure. (Dex +2, Stealth+) [potion of mutation]
  4795 | D:5      | Gained mutation: Your tail ends in a poisonous barb.
                  | [potion of mutation]
  4800 | D:5      | Killed Duvessa
  4801 | D:5      | Reached XP level 8. HP: 30/71 MP: 8/8
  4802 | D:5      | Killed Dowan
  5164 | D:5      | Found a runed translucent door.
  5165 | D:5      | Noticed Crazy Yiuf
  5517 | D:5      | Found a sacrificial altar of Ru.
  6146 | D:5      | Reached skill level 8 in Fighting
  6494 | D:6      | Found Hily's Antique Armour Shop.
  6497 | D:6      | Bought a jewelled chain mail for 247 gold pieces
  6497 | D:6      | Identified the +0 chain mail of Hoxis {rC+ Regen+ Int+4
                  | Slay-2} (You bought it in a shop on level 6 of the Dungeon)
  6549 | D:6      | Reached skill level 3 in Long Blades
  6588 | D:6      | Found Alupoor's Assorted Antiques.
  6593 | D:6      | Found Yraupt Kekk's General Store.
  6596 | D:6      | Bought a scroll labelled CUCKUG YGAZI for 32 gold pieces
  6596 | D:6      | Bought a smoky purple potion for 28 gold pieces
  6596 | D:6      | Bought a scroll labelled TIAMPE URESE for 32 gold pieces
  6624 | D:6      | Found Umuinase's Weapon Shop.
  7742 | D:6      | Found Isse's Distillery.
  8129 | D:7      | Noticed Maggie
  8130 | D:7      | Identified a scroll of acquirement
  8131 | D:7      | Acquired a manual of Fighting
  8334 | D:7      | Noticed Prince Ribbit
  8348 | D:7      | Killed Prince Ribbit
  8349 | D:7      | Reached skill level 9 in Fighting
  8349 | D:7      | Reached XP level 9. HP: 20/81 MP: 2/9
  8868 | D:7      | Found a one-way gate to the infinite horrors of the Abyss.
  8868 | D:7      | Noticed emiel's ghost (novice SpEE)
  8869 | D:7      | Noticed a rakshasa
  8896 | D:7      | Found a transporter.
  8928 | D:7      | Noticed Menkaure
  8934 | D:7      | Killed Menkaure
  8957 | D:7      | HP: 3/76 [wight/+0 halberd (8)]
  8957 | D:7      | Slain by a wight

Illustrated notes

Levels and vault maps discovered:
D:1:      dpeg_arrival_subterranean_lakeside_camping, layout_loops_corners,
          hellmonk_ecumenical_altar_slurped_away, roderic_lattice_a,
          serial_bayou_crossing
D:2:      layout_loops_cross, amcnicky_mini_corridor_feature,
          minmay_three_crescents
D:3:      layout_basic, cheibrodos_ashenzari_chains, serial_shops,
          nicolae_shop_behind_doors, minmay_box_of_dots
D:4:      layout_gridville, minmay_temple_entry_butterflies,
          hangedman_abyss_or_decor_stagger, minmay_shop_damaged,
          minmay_misc_feat_enclosed, grunt_ministairs_2
D:5:      layout_gridville, marbit_many_paths, uniq_crazy_yiuf_cottage,
          uniq_duvessa, uniq_grinder
D:6:      layout_layer_cave, serial_shops, shop, kennysheep_mini_moat,
          nicolae_shop_crystal, shop, shop
D:7:      layout_gridville, gammafunk_ghost_abyssal_escape, serial_shops,
          shop_statue, kennysheep_little_box, uniq_menkaure, uniq_harold,
          uniq_prince_ribbit1, uniq_maggie
Temple:   regret_index_temple_chain_breaker

Skill      XL: |  1  2  3  4  5  6  7  8  9 |
---------------+----------------------------+-----
Short Blades   | 1 2 3 4 5 6 7 |  7.2
Fighting       | 4 5 6 7 9 |  9.7
Long Blades    | 4 5 |  5.1
Armour         | |  2.4
Shields        | |  2.4

Action                   |  1- 3 |  4- 6 |  7- 9 || total
-------------------------+-------+-------+-------++-------
Melee: Long sword        |    95 |   114 |   196 ||   405
       Tailslap          |    11 |    13 |    27 ||    51
Throw: Dart              |       |    13 |    11 ||    24
       Throwing net      |       |     1 |       ||     1
Invok: Stomp             |       |       |     2 ||     2
       Line Pass         |       |       |     2 ||     2
 Abil: Rolling Charge    |    27 |    24 |    19 ||    70
  Use: Potion            |       |       |     7 ||     7
       Scroll            |       |       |     3 ||     3
 Stab: Paralysed         |       |       |     7 ||     7
Armor: Scale mail        |    38 |    50 |   105 ||   193
       Skin              |       |       |   129 ||   129
       Plate armour      |       |       |     9 ||     9
Dodge: Dodged            |    15 |    20 |    45 ||    80
Block: Kite shield       |    42 |    48 |   138 ||   228
       Rpst.: Long sword |     2 |     5 |    14 ||    21

Table legend: (Time is in decaauts)
 A = Elapsed time spent in this place.
 B = Non-inter-level travel time spent in this place.
 C = Inter-level travel time spent in this place.
 D = Time resting spent in this place.
 E = Time spent auto-exploring this place.
 F = Levels seen in this place.
 G = Mean time per level.
                   A        B        C        D        E       F      G
               +--------+--------+--------+--------+--------+-----+--------+
         Total |   9150 |   8679 |    471 |   1659 |   5818 |   8 | 1143.8 |
       Dungeon |   8931 |   8501 |    430 |   1659 |   5708 |   7 | 1275.9 |
        Temple |    218 |    177 |     41 |      0 |    110 |   1 |  218.0 |
               +--------+--------+--------+--------+--------+-----+--------+

Top non-repeatable levels by time:
     D:5: 1922 daAuts
     D:6: 1918 daAuts
     D:4: 1421 daAuts
     D:3: 1199 daAuts
     D:1: 1140 daAuts
     D:2: 831 daAuts
     D:7: 499 daAuts
  Temple: 218 daAuts
